Map: Eternal Empire LE

Players

MikeHawk - Winner!

  • Race: Terran Terran
  • League: Master
  • Spawn Location: 7:00

TomMorel

  • Race: Terran Terran
  • League: Master
  • Spawn Location: 1:00

VOD

Have the link to the VOD?

Description

Time

  • Played on: Dec. 21, 2019, 12:27 p.m.
  • Length: 15:52
Show
View Real Time Build Order
Export as new Build Order

MikeHawk Terran - Winner!

Build Orders: Reaper Expand 

Get SALT Encoding   

  12  0:07  SCV  
  13  0:19  SCV  
  13  0:20  Supply Depot  
  14  0:31  SCV  
  15  0:43  SCV  
  15  0:44  Barracks  
  15  0:45  Refinery  
  16  0:55  SCV  
  17  1:07  SCV  
  18  1:19  SCV  
  19  1:30  Reaper  
  19  1:31  Orbital Command  
  20  1:43  Command Center  
  20  1:57  SCV  
  20  1:59  Supply Depot  
  21  2:02  Marine  
  22  2:09  SCV  
  22  2:12  Factory  
  23  2:17  Refinery  
  23  2:21  SCV  
  24  2:24  Barracks Reactor  
  24  2:33  SCV  
  25  2:45  SCV  
  25  2:55  Hellion  
  25  2:57  SCV, Orbital Command  
  28  2:58  Starport  
  28  2:59  Marine x2  
  30  3:09  SCV  
  31  3:17  Marine x2, Hellion  
  34  3:21  SCV  
  34  3:26  SCV  
  37  3:36  Supply Depot  
  37  3:39  Medivac  
  39  3:43  Armory  
  39  3:45  Hellion  
  39  3:47  Hellion  
  42  3:49  Marine  
  43  4:06  Hellion  
  43  4:08  Hellion  
  43  4:09  Barracks Tech Lab  
  47  4:10  Starport Tech Lab  
  47  4:19  SCV x2  
  47  4:23  Supply Depot  
  49  4:31  SCV x2  
  49  4:33  Raven  
  53  4:41  Marine  
  53  4:45  Siege Tank, Marine, SCV x2  
  60  4:57  SCV x2  
  60  4:59  Marine  
  63  5:02  Marine  
  64  5:09  SCV x2  
  50  5:17  Siege Tank  
  50  5:19  Command Center  
  53  5:21  SCV x2  
  53  5:27  Refinery  
  53  5:28  Refinery  
  53  5:33  SCV x2  
  53  5:34  Marine  
  53  5:35  Medivac  
  58  5:37  Medivac  
  58  5:40  Supply Depot  
  60  5:45  SCV x2  
  60  5:47  Supply Depot  
  62  5:52  Marine  
  61  5:58  SCV x2  
  61  6:02  Siege Tank  
  62  6:10  Marine, SCV x2  
  65  6:15  Viking x2  
  69  6:22  SCV x2  
  71  6:28  Marine  
  72  6:33  Orbital Command  
  72  6:34  SCV x2  
  74  6:41  Siege Tank  
  74  6:45  Viking x2  
  74  6:46  Marine, SCV x2  
  84  6:58  SCV x3  
  87  7:12  SCV x2  
  87  7:15  Viking x2  
  90  7:16  SCV  
  87  7:24  SCV  
  87  7:27  Stimpack  
  88  7:30  Barracks x2  
  88  7:31  Barracks x2  
  88  7:36  SCV  
  88  7:37  Orbital Command, Engineering Bay  
  88  7:39  Engineering Bay  
  88  7:40  SCV  
  86  7:45  Viking x2  
  90  7:52  SCV x2  
  90  7:53  Marine  
  91  8:04  SCV x3  
  94  8:10  Refinery, Siege Tank  
  94  8:11  Marine  
  98  8:16  SCV x3  
  101  8:22  Barracks Reactor x2  
  101  8:23  Barracks Reactor x2  
  101  8:26  Terran Infantry Armor Level 1, Terran Infantry Weapons Level 1  
  100  8:27  Starport  
  100  8:28  SCV  
  100  8:30  Refinery  
  100  8:31  Starport  
  101  8:37  SCV x2, Supply Depot  
  101  8:38  Supply Depot  
  101  8:40  SCV  
  101  8:41  Supply Depot x2  
  104  8:44  Siege Tank  
  104  8:45  Marine  
  108  8:49  SCV  
  109  8:59  SCV  
  109  9:02  Missile Turret x2  
  110  9:03  Terran Ship Weapons Level 1, Supply Depot x2  
  110  9:04  Starport Tech Lab  
  110  9:05  Marine x6  
  110  9:06  Marine  
  110  9:08  Fusion Core, Marine x2  
  119  9:11  Combat Shield  
  119  9:23  Marine x7  
  126  9:24  Starport Tech Lab  
  126  9:26  Marine x2  
  128  9:39  Command Center  
  128  9:41  Sensor Tower  
  136  9:46  Supply Depot  
  136  9:47  Supply Depot  
  128  9:55  Battlecruiser x2  
  140  10:00  Marine x7  
  140  10:06  Battlecruiser  
  153  10:09  Marine x2  
  155  10:18  Marine x7  
  155  10:20  Supply Depot  
  162  10:22  Supply Depot  
  162  10:27  Marine  
  163  10:35  Marine  
  163  10:39  Siege Tank  
  167  10:45  Marine x2  
  169  10:51  SCV x3  
  172  10:59  Battlecruiser x2, Unknown  
  172  11:01  Command Center  
  184  11:11  Battlecruiser  
  190  11:22  Terran Ship Weapons Level 2  
  189  11:28  Marine x10  
  189  11:29  Planetary Fortress  
  192  11:45  Marine  
  192  11:46  Marine, Starport  
  194  11:50  Starport  
  194  12:03  Terran Infantry Weapons Level 2  
  194  12:04  Terran Infantry Armor Level 2  
  194  12:05  Starport  
  194  12:06  Starport  
  194  12:13  Planetary Fortress  
  194  12:16  Missile Turret  
  192  12:23  Refinery, Command Center  
  192  12:26  Refinery  
  192  12:37  Battlecruiser  
  198  12:48  Marine  
  198  12:49  Marine x8  
  191  12:54  Battlecruiser x2, Starport Tech Lab x2  
  191  12:56  Marine  
  192  13:07  Marine  
  192  13:08  Marine x7, Armory  
  196  13:20  Weapon Refit  
  196  13:27  Starport Tech Lab x2  
  196  13:37  Marine  
  196  13:38  Marine x4  
  196  13:39  Marine  
  191  13:41  Marine x2  
  191  13:43  Battlecruiser x2  
  162  13:58  Battlecruiser  
  162  14:00  Battlecruiser  
  172  14:06  Marine x4  
  172  14:09  Marine  
  177  14:31  Battlecruiser  
  183  14:33  Battlecruiser  
  195  14:57  Planetary Fortress  
  195  15:12  Unknown  
  195  15:15  Marine x5  
  194  15:42  Command Center  
Show
View Real Time Build Order
Export as new Build Order

TomMorel Terran 

Build Orders:  

Get SALT Encoding   

  12  0:00  SCV  
  13  0:13  SCV  
  14  0:17  Supply Depot  
  14  0:25  SCV  
  15  0:29  Refinery  
  15  0:39  SCV  
  16  0:45  Barracks  
  16  0:51  SCV  
  17  1:03  Barracks  
  17  1:07  SCV  
  18  1:19  SCV  
  19  1:32  Orbital Command, Reaper  
  20  1:37  Supply Depot  
  20  1:50  Reaper  
  21  1:58  SCV  
  22  2:04  Reaper  
  23  2:15  Command Center  
  23  2:22  Reaper  
  24  2:24  SCV  
  24  2:26  Refinery  
  25  2:32  Supply Depot  
  25  2:36  Reaper  
  25  2:37  SCV  
  26  2:52  SCV  
  26  2:54  Reaper  
  28  3:02  Supply Depot  
  28  3:04  SCV  
  29  3:16  SCV  
  29  3:21  Reaper  
  29  3:25  Factory  
  28  3:28  SCV, Reaper  
  30  3:40  SCV  
  31  3:48  Command Center  
  31  4:00  Orbital Command  
  31  4:01  SCV  
  32  4:08  Factory Tech Lab  
  32  4:13  Starport, SCV  
  33  4:23  Barracks Tech Lab  
  33  4:24  Bunker  
  33  4:25  SCV  
  33  4:27  SCV  
  38  4:31  Siege Tank  
  38  4:42  SCV  
  38  4:43  Marine  
  38  4:44  Marine  
  38  4:45  SCV  
  40  4:54  SCV  
  40  4:58  SCV  
  41  5:01  Marine x2  
  41  5:05  SCV  
  41  5:15  SCV  
  41  5:19  Marine x2  
  43  5:22  Siege Tank  
  43  5:25  SCV  
  47  5:32  Orbital Command  
  47  5:34  SCV  
  48  5:37  Marine, SCV  
  48  5:38  Barracks Reactor  
  48  5:39  Stimpack  
  50  5:44  Starport Reactor  
  50  5:46  SCV  
  50  5:49  SCV  
  52  5:55  Marine  
  53  5:58  SCV  
  53  6:01  SCV  
  53  6:02  SCV  
  55  6:10  Siege Tank  
  55  6:11  SCV  
  56  6:13  Marine, SCV  
  56  6:14  SCV  
  56  6:15  Barracks  
  56  6:16  Engineering Bay  
  56  6:17  Refinery, Engineering Bay  
  56  6:18  Refinery  
  59  6:20  Marine  
  59  6:24  Medivac x2, Marine  
  66  6:25  SCV x2  
  66  6:26  SCV  
  68  6:35  Supply Depot  
  68  6:37  Marine  
  69  6:40  Supply Depot  
  69  6:45  Marine  
  69  6:46  SCV  
  69  6:51  Marine  
  69  6:52  Orbital Command  
  62  6:58  Marine  
  62  6:59  Siege Tank  
  66  7:03  Marine  
  67  7:15  Marine x2  
  62  7:22  Marine x2  
  54  7:31  Siege Tank  
  54  7:33  Marine x2  
  59  7:39  Marine  
  58  7:44  Marine  
  58  7:51  Marine  
  60  7:54  Marine  
  60  7:57  Marine  
  58  8:00  SCV  
  58  8:01  Medivac x2  
  58  8:02  Marine  
  58  8:03  Siege Tank  
  67  8:08  SCV  
  67  8:09  Marine  
  67  8:11  Marine  
  70  8:15  Marine  
  67  8:20  Marine, Orbital Command  
  67  8:23  SCV x2  
  67  8:26  Marine  
  70  8:31  Refinery x2  
  70  8:33  Marine  
  72  8:35  SCV x2, Supply Depot  
  72  8:37  Barracks Reactor  
  72  8:38  Marine  
  72  8:39  Supply Depot  
  74  8:42  Combat Shield  
  74  8:44  Marine  
  74  8:46  SCV, Supply Depot  
  74  8:47  SCV  
  74  8:48  Supply Depot  
  77  8:49  SCV  
  77  8:54  Marine  
  77  8:57  Marine  
  77  8:58  SCV  
  77  8:59  SCV  
  77  9:01  SCV  
  77  9:02  Marine  
  82  9:09  Medivac, Missile Turret  
  84  9:10  SCV  
  84  9:11  Marine  
  84  9:14  Marine, SCV x2  
  89  9:18  Marine  
  89  9:20  Marine x2  
  89  9:22  SCV  
  93  9:25  Terran Infantry Armor Level 1, Terran Infantry Weapons Level 1  
  93  9:26  SCV x2  
  93  9:31  Marine  
  96  9:32  Marine  
  96  9:34  SCV  
  96  9:36  Supply Depot  
  96  9:37  Marine  
  96  9:38  Marine, SCV  
  100  9:39  SCV  
  100  9:41  Marine  
  100  9:42  Refinery  
  103  9:46  SCV  
  103  9:48  Medivac  
  103  9:49  Marine  
  103  9:50  Marine, SCV  
  109  9:57  Marine x2, SCV  
  109  9:59  SCV, Supply Depot, Armory  
  113  10:00  Marine  
  113  10:04  SCV  
  113  10:06  Marine  
  116  10:08  Marine  
  117  10:15  Barracks x2  
  117  10:17  Barracks  
  117  10:20  Marine  
  117  10:21  Marine x2, SCV  
  119  10:24  Marine  
  119  10:26  Marine  
  123  10:30  SCV, Supply Depot  
  123  10:32  Supply Depot  
  124  10:39  SCV  
  124  10:40  Missile Turret  
  125  10:51  Marine x2, SCV x2  
  125  10:53  Sensor Tower  
  125  10:54  Supply Depot  
  129  11:03  Missile Turret  
  129  11:04  Barracks Reactor x3  
  129  11:06  Marine x3  
  129  11:07  Siege Tank  
  129  11:10  Marine x2  
  137  11:21  Terran Infantry Armor Level 2, SCV  
  137  11:22  Terran Infantry Weapons Level 2  
  137  11:24  Marine  
  139  11:26  Sensor Tower  
  139  11:32  Missile Turret  
  139  11:33  Missile Turret  
  139  11:36  Marine x3  
  139  11:37  Missile Turret  
  139  11:39  Marine  
  127  11:41  Marine  
  127  11:42  Marine x2  
  127  11:43  Marine  
  127  11:45  Marine  
  132  11:47  Medivac  
  134  11:57  Marine x2  
  134  12:01  Medivac, Marine  
  138  12:06  Supply Depot  
  138  12:07  Supply Depot  
  138  12:08  Marine x2  
  141  12:10  Marine  
  141  12:13  Supply Depot  
  142  12:17  Medivac  
  142  12:18  Marine  
  145  12:23  Command Center  
  145  12:28  Marine  
  145  12:29  Marine  
  143  12:30  Marine x2  
  143  12:31  Siege Tank  
  143  12:35  Marine x3  
  145  12:45  Marine x4  
  145  12:46  Medivac  
  145  12:47  Medivac  
  145  12:48  Marine  
  145  12:49  SCV  
  153  12:52  Marine x2  
  153  12:53  Marine x2  
  153  12:54  SCV  
  153  12:58  SCV  
  150  12:59  Marine  
  150  13:01  SCV  
  150  13:03  Siege Tank  
  150  13:05  Marine x2  
  154  13:06  SCV  
  154  13:10  SCV  
  156  13:13  Supply Depot  
  156  13:15  Supply Depot  
  156  13:17  Marine x3  
  156  13:18  Marine x2, Supply Depot  
  161  13:22  SCV  
  161  13:23  Marine x2, SCV  
  165  13:33  Marine x4  
  169  13:35  Siege Tank  
  169  13:41  Marine x2  
  161  13:44  Marine  
  161  13:47  Marine  
  161  13:48  Medivac x2  
  140  13:49  Marine x2  
  140  13:50  Marine  
  140  13:51  Marine  
  140  13:54  Marine  
  140  13:55  Marine x2  
  125  14:07  Siege Tank  
  118  14:10  Marine x2  
  118  14:11  Marine x3  
  118  14:14  Marine x2  
  119  14:20  Medivac  
  119  14:21  Marine x2  
  120  14:31  Marine x3  
  120  14:32  Marine x2  
  125  14:39  Siege Tank  
  127  14:47  Command Center  
  127  14:51  Marine x3  
  127  14:54  Marine  
  127  14:55  Marine x2  
  130  15:06  Missile Turret  
  129  15:08  Marine x2  
  129  15:09  Marine  
  129  15:10  Medivac x2, Missile Turret  
  130  15:16  Marine x4  
  130  15:18  Marine  
  130  15:19  Marine  
  133  15:23  Marine  
  128  15:29  Marine x3  
Tags
 
Add a new tag
Caveats
  • Supply blocks, unpowered buildings, or Contaminate may cause inaccurate times.
  • Supply counts are checked every 10 seconds.